 Dungeon Crawl Stone Soup version 0.22-a0-161-g198051c (webtiles) character file.

102 wolfsongas the Insei (level 4, -1/30 HPs)
             Began as an Octopode Transmuter on Feb 10, 2018.
             Was an Initiate of Cheibriados.
             Slain by Sigmund
             ... wielding a +2 scythe of protection
              (4 damage)
             ... on level 2 of the Dungeon.
             The game lasted 00:03:51 (2183 turns).

wolfsongas the Insei (Octopode Transmuter)          Turns: 2183, Time: 00:03:52

Health: -1/30      AC:  3    Str: 11    XL:     4   Next: 78%
Magic:  5/7        EV: 13    Int: 16    God:    Cheibriados [......]
Gold:   11         SH:  0    Dex: 13    Spells: 6/7 levels left

rFire    . . .     SeeInvis .     - Unarmed
rCold    . . .     Gourm    .   (no shield)
rNeg     . . .     Faith    .   (helmet restricted)
rPois    .         Spirit   .   (no amulet)
rElec    .         Reflect  .   (no ring)
rCorr    .         Harm     .   (no ring)
MR       .....                  (no ring)
Stlth    +++.......             (no ring)
HPRegen  0.10/turn              (no ring)
MPRegen  0.10/turn              (no ring)
                                (no ring)
                                (no ring)

@: very slow
A: almost no armour, stealthy swim, amphibious, 8 rings, constrict 8, thin
metallic scales 1, camouflage 1, wild magic 1, gelatinous body 1
a: Bend Time, Renounce Religion


You were on level 2 of the Dungeon.
You worshipped Cheibriados.
Cheibriados was noncommittal.
You were not hungry.

You visited 1 branch of the dungeon, and saw 2 of its levels.

You collected 11 gold pieces.

Inventory:

Missiles
 a - 12 arrows
Scrolls
 c - a scroll of fear {unknown}
 d - a scroll of enchant weapon {unknown}
 e - a scroll of teleportation {unknown}
 f - 2 scrolls of identify
 g - 2 scrolls of remove curse
 i - a scroll of enchant armour {unknown}
Books
 b - a book of Changes

   Spells                             Type                      Level
   a - Beastly Appendage              Transmutation                1
   b - Sticks to Snakes               Transmutation                2
   c - Spider Form                    Transmutation/Poison         3
   d - Ice Form                       Ice/Transmutation            4
   e - Blade Hands                    Transmutation                5
Comestibles
 k - 2 rations
 m - 6 chunks of flesh


   Skills:
 + Level 2.4 Fighting
 - Level 2.0 Dodging
 + Level 1.3 Stealth
 * Level 4.6 Unarmed Combat
 - Level 2.0 Spellcasting
 - Level 2.0 Transmutations


You had 6 spell levels left.
You knew the following spells:

 Your Spells              Type           Power        Failure   Level  Hunger
a - Beastly Appendage     Tmut           ##....       13%         1    #......


Dungeon Overview and Level Annotations

Branches:
Dungeon (2/15)

Altars:
Cheibriados
Nemelex Xobeh

Annotations:
D:2 Sigmund


Innate Abilities, Weirdness & Mutations

You cannot wear most types of armour.
You are very stealthy in the water. (Stealth+)
You are amphibious.
You can wear up to eight rings at the same time.
You can use your tentacles to constrict eight enemies at once.
Your skin changes colour to match your surroundings (Stealth+).
Your rubbery body absorbs attacks. (AC +1, EV +1)
You are partially covered in thin metallic scales. (AC +2)
Your spells are a little harder to cast, but a little more powerful.


Message History

You tentacle-slap Sigmund but do no damage.
Sigmund is heavily wounded.
You constrict Sigmund, but do no damage.
You tentacle-slap Sigmund but do no damage.
Sigmund is heavily wounded.
You constrict Sigmund, but do no damage.
Sigmund closely misses you.
You tentacle-slap Sigmund.
Sigmund is heavily wounded.
You constrict Sigmund. You barely miss Sigmund. You squeeze Sigmund.
Sigmund is heavily wounded.
You constrict Sigmund, but do no damage.
Sigmund closely misses you.
You tentacle-slap Sigmund but do no damage.
You squeeze Sigmund, but do no damage.
Sigmund is heavily wounded.
You constrict Sigmund, but do no damage.
Sigmund hits you with a scythe of protection.
You die...

##########
#.@@......
#.######## ######
#.# #######.)... #.#
#...........
#.######...........
#.##>..'.........).
##.##.###...........
##...#.#
#...........
#.≈≈≈..#
#........÷÷.


You could see Sigmund.

Vanquished Creatures
  2 adders (D:2)
  7 oozes
  A dart slug (D:2)
  7 bats
  4 giant cockroaches
  4 goblins
  5 hobgoblins
  8 jackals
  A ball python (D:1)
  3 kobolds
  12 rats
54 creatures vanquished.

Notes
Turn   | Place    | Note
-------+----------+-------------------------------------------
     0 | D:1      | wolfsongas the Octopode Transmuter began the quest for the Orb.
     0 | D:1      | Reached XP level 1. HP: 13/13 MP: 3/3
     1 | D:1      | Found a runed door.
   278 | D:1      | Reached XP level 2. HP: 16/18 MP: 5/5
   894 | D:1      | Found a sparkling altar of Nemelex Xobeh.
  1099 | D:1      | Reached XP level 3. HP: 24/24 MP: 6/6
  1243 | D:1      | Reached skill level 4 in Unarmed Combat
  1264 | D:1      | Reached XP level 4. HP: 15/29 MP: 4/7
  1731 | D:2      | Reached skill level 1 in Stealth
  2131 | D:2      | Found a snail-covered altar of Cheibriados.
  2141 | D:2      | Became a worshipper of Cheibriados the Contemplative
  2153 | D:2      | Noticed Sigmund
  2169 | D:2      | HP: 1/30 [Sigmund/scythe of protection (16)]
  2173 | D:2      | Gained mutation: Your spells are a little harder to cast, but a little more powerful. [potion of mutation]
  2173 | D:2      | Gained mutation: You are partially covered in thin metallic scales. (AC +2) [potion of mutation]
  2183 | D:2      | Slain by Sigmund

Vault maps used:
D:1:      dpeg_arrival_caged_fury, nemelex_xobeh_ov_fountains_minmay
D:2:      kennysheep_slug_shrine, uniq_sigmund

Skill      XL: |  1  2  3  4 |
---------------+-------------+-----
Unarmed Combat | 4 |  4.6
Fighting       | 2 |  2.4
Stealth        | 1 |  1.3
Dodging        | |  2.0
Spellcasting   | |  2.0
Transmutations | |  2.0

Action                   |  1- 3 |  4- 6 || total
-------------------------+-------+-------++-------
Melee: Unarmed           |    78 |    60 ||   138
       Constrict         |    14 |    11 ||    25
       Tentacles         |    14 |    11 ||    25
       Punch             |     3 |       ||     3
       Kick              |     6 |     6 ||    12
 Cast: Beastly Appendage |     2 |     5 ||     7
Invok: Bend Time         |       |     1 ||     1
  Use: Potion            |     1 |     5 ||     6
       Scroll            |       |     2 ||     2
 Stab: Sleeping          |     7 |       ||     7
  Eat: Chunk             |     1 |       ||     1
       Ration            |       |     1 ||     1
Armor: Skin              |     7 |     7 ||    14
Dodge: Dodged            |    29 |    63 ||    92

Table legend:
 A = Spawn XP
 B = Non-spawn XP
 C = Spawn XP percentage of total XP
 D = Spawn monster count
 E = Non-spawn monster count
 F = Spawn count percentage of total count
 G = Total turns spent on level
                    A         B        C        D         E        F      G
               +---------+---------+-------+---------+---------+-------+---------
         Total |       0 |     147 |   0.0 |       0 |      54 |   0.0 |  2183
               +---------+---------+-------+---------+---------+-------+---------
           D:1 |       0 |      86 |   0.0 |       0 |      36 |   0.0 |  1464
           D:2 |       0 |      61 |   0.0 |       0 |      18 |   0.0 |   719
               +---------+---------+-------+---------+---------+-------+---------
